 Dungeon Crawl Stone Soup version 0.26-a0-665-gefeb406119 (webtiles) character file.

Game seed: 14275435897624110543

1003 Radels the Sneak (level 8, -2/40 HPs)
             Began as a Vine Stalker Brigand on Oct 15, 2020.
             Slain by a wyvern (9 damage)
             ... on level 5 of the Dungeon.
             The game lasted 00:19:40 (3799 turns).

Radels the Sneak (Vine Stalker Brigand)             Turns: 3799, Time: 00:19:40

Health: -2/40      AC: 14    Str: 13    XL:     8   Next: 20%
Magic:  0/9        EV:  9    Int: 11    God:
Gold:   177        SH:  0    Dex: 19    Spells: 7/7 levels left

rFire    x . .     SeeInvis .   v - +3 dagger (elec)
rCold    + + .     Faith    .   (no shield)
rNeg     . . .     Spirit   +   C - +0 ice dragon scales
rPois    .         Reflect  .   n - +0 helmet
rElec    .         Harm     .   c - +0 cloak
rCorr    .         Rampage  .   (no gloves)
MR       +....                  r - +0 pair of boots
Stlth    ++........             (no amulet)
HPRegen  0.53/turn              (no ring)
MPRegen  0.11/turn              (no ring)

@: no status effects
A: fangs 3, regeneration 1, magic shield, antimagic bite, no potion heal 3, rot
immunity
a: no special abilities


You were on level 5 of the Dungeon.
You visited 1 branch of the dungeon, and saw 5 of its levels.

You collected 177 gold pieces.

Inventory:

Hand Weapons
 a - a +2 dagger
 h - a +1 dagger of speed
 v - a +3 dagger of electrocution (weapon)
Missiles
 d - 12 poisoned darts (quivered)
 e - 2 curare-tipped darts
 u - 5 boomerangs
Armour
 b - a +0 robe
 c - a +0 cloak (worn)
 n - a +0 helmet (worn)
 r - a +0 pair of boots (worn)
 C - +0 ice dragon scales (worn)
 D - a +2 hat
Jewellery
 o - a cursed ring of teleportation {unknown}
 p - a cursed ring of teleportation {unknown}
 s - a +4 ring of slaying {unknown}
 t - an uncursed ring of flight {unknown}
 B - an uncursed ring of protection from cold {unknown}
Wands
 q - a wand of iceblast (12)
 z - a wand of flame (20)
Scrolls
 g - a scroll of identify
 i - a scroll of amnesia
 l - 3 scrolls of magic mapping
 m - a scroll of immolation
 w - a scroll of teleportation
 x - a scroll of random uselessness
 y - a scroll of enchant weapon
 F - a scroll of fear
Potions
 f - 4 potions of curing
 j - 3 potions of heal wounds {unknown}
 k - a potion of resistance {unknown}
 A - a potion of invisibility {unknown}
 E - a potion of lignification {unknown}
 G - a potion of berserk rage {unknown}


   Skills:
 + Level 3.5 Fighting
 - Level 5.0 Short Blades
 - Level 2.0 Throwing
 - Level 5.0 Armour
 - Level 1.0 Dodging
 - Level 6.0 Stealth


You had 7 spell levels left.
You didn't know any spells.
Your spell library was empty.

Dungeon Overview and Level Annotations

Branches:
Dungeon (5/15)
 Temple: D:4-7

Altars:
Ashenzari
Ru
Sif Muna
Wu Jian
Xom
Zin


Innate Abilities, Weirdness & Mutations

You have razor-sharp teeth.
Your natural rate of healing is unusually fast.
When hurt, damage is shared between your health and your magic reserves.
Your bite disrupts and absorbs the magic of your enemies.
Potions cannot restore your health.
You are immune to rotting.


Message History

You barely miss the wyvern. You bite the wyvern, but do no damage.
The wyvern is heavily wounded.
The wyvern bites you!
* * * LOW HITPOINT WARNING * * *
You hit the wyvern.
The wyvern is heavily wounded.
The wyvern completely misses you.
You hit the wyvern but do no damage. Your bite misses the wyvern.
The wyvern is heavily wounded.
The wyvern looks more healthy.
The wyvern bites you but does no damage.
You hit the wyvern. You bite the wyvern. You drain its power.
You feel invigorated.
The wyvern is severely wounded.
The wyvern bites you!
* * * LOW HITPOINT WARNING * * *
You closely miss the wyvern. Your bite misses the wyvern.
The wyvern is severely wounded.
The wyvern bites you!
You die...

*,,*,,,,,,,,,,..,,,,.##.^,,,,**,
*,,**,,,,,..**#..,,...(..,,,,*,*
**,,***,,**#.**#..,*......,**,*,*
*,,,+,**,.##..*#..*#(.....,*,,*,*
**,,***,*...#.##.##........,,,*,*
*,,**,,*#.......#....$....,,,**,
*,,*,,,**#........#......#******
*,,,,,,+,##.....l..........#,,,,
*,,*,,,**#.....@...........#,88,
*,,**,,*#..................#,88,
*,,***,*................$..#,,,,
*,,+∩**,...................##**+
*,,***,,.....................!..
*,,**,,,............#......#...#
*,,*,,,,......##.##.............
*,,,,,,,.....#*#####...#........
*,,,,,***....** #...###.......


You could see a wyvern.

Vanquished Creatures
  2 ogres (D:4)
  A phantom (D:4)
  2 scorpions (D:4)
  A hound (D:4)
  A jelly (D:3)
  7 orc priests
  Natasha (thrice) (D:4)
  3 orc wizards (D:4)
  A hound skeleton (D:4)
  4 gnolls (D:4)
  7 adders
  An ooze (D:1)
  A worm (D:3)
  A dart slug (D:1)
  4 leopard geckos
  22 orcs
  A giant cockroach (D:3)
  6 goblins
  5 hobgoblins
  4 jackals (D:3)
  3 quokkas
  3 ball pythons
  6 bats
  2 frilled lizards (D:1)
  3 kobolds
  A leopard gecko skeleton (D:3)
  4 rats
99 creatures vanquished.

Notes
Turn   | Place    | Note
-------+----------+-------------------------------------------
     0 | D:1      | Radels the Vine Stalker Brigand began the quest for the
                  | Orb.
     0 | D:1      | Reached XP level 1. HP: 11/11 MP: 2/2
   288 | D:1      | Reached skill level 1 in Dodging
   288 | D:1      | Reached XP level 2. HP: 15/15 MP: 3/3
   306 | D:1      | Reached skill level 5 in Stealth
   420 | D:1      | Found a shimmering altar of Xom.
   790 | D:1      | Reached XP level 3. HP: 18/18 MP: 4/4
  1645 | D:2      | Found a broken altar of Ashenzari.
  1919 | D:3      | Reached skill level 6 in Stealth
  1968 | D:3      | Gained mutation: Your natural rate of healing is unusually
                  | fast. [Vine Stalker growth]
  1968 | D:3      | Reached XP level 4. HP: 23/23 MP: 5/5
  1974 | D:3      | Found an ornate altar of the Wu Jian Council.
  2010 | D:3      | Found a shimmering blue altar of Sif Muna.
  2185 | D:3      | Reached XP level 5. HP: 26/26 MP: 6/6
  2512 | D:3      | Found a glowing silver altar of Zin.
  2588 | D:3      | Reached XP level 6. HP: 16/30 MP: 3/7
  2590 | D:3      | Reached skill level 1 in Armour
  2697 | D:4      | Reached skill level 5 in Short Blades
  2740 | D:4      | Found a sacrificial altar of Ru.
  2969 | D:4      | Reached XP level 7. HP: 34/35 MP: 5/8
  3330 | D:4      | Noticed Natasha
  3332 | D:4      | Killed Natasha
  3332 | D:4      | Reached skill level 5 in Armour
  3395 | D:4      | Noticed Natasha
  3405 | D:4      | Killed Natasha
  3405 | D:4      | Gained mutation: You have razor-sharp teeth. [Vine Stalker
                  | growth]
  3405 | D:4      | Reached XP level 8. HP: 39/39 MP: 9/9
  3430 | D:4      | Noticed Natasha
  3436 | D:4      | Killed Natasha
  3706 | D:5      | Entered Level 5 of the Dungeon
  3774 | D:5      | Noticed a wyvern
  3799 | D:5      | Slain by a wyvern

Illustrated notes

Levels and vault maps discovered:
D:1:      dpeg_arrival_signposts, layout_loops_ring, roderic_lattice_a,
          xom_teletrap_fun
D:2:      layout_basic, ashenzari_altar_1
D:3:      layout_rooms, zin_treasury, overflow_temple_1_default,
          marbit_many_paths, minmay_splitting_lines, minmay_increasing_density
D:4:      layout_loops_corners, nicolae_ru_path_of_blood, st_stairs_4,
          uniq_natasha
D:5:      minmay_chambers_of_fours, layout_cave_pools,
          grunt_temple_overflow_forces_of_nature, nicolae_ossuary_entry_giza,
          serial_column_ruins, column_ruins_hut_ruined, column_ruins_open_small,
          column_ruins_columns_corner, column_ruins_columns_plus

Skill      XL: |  1  2  3  4  5  6  7  8 |
---------------+-------------------------+-----
Dodging        | 1 |  1.0
Fighting       | 2 3 |  3.5
Short Blades   | 2 3 4 5 |  5.0
Throwing       | 2 |  2.0
Stealth        | 5 6 |  6.0
Armour         | 2 5 |  5.0

Action                   |  1- 3 |  4- 6 |  7- 9 || total
-------------------------+-------+-------+-------++-------
Melee: Dagger            |    64 |   125 |    61 ||   250
       Bite              |    22 |    34 |    16 ||    72
Throw: Boomerang         |     8 |    12 |       ||    20
       Dart              |     7 |    31 |    29 ||    67
  Use: Scroll            |       |       |     8 ||     8
 Stab: Sleeping          |     7 |     2 |     4 ||    13
Armor: Robe              |    14 |    11 |       ||    25
       Ice dragon scales |       |    36 |    23 ||    59
Dodge: Dodged            |    31 |    43 |    20 ||    94

Table legend: (Time is in decaauts)
 A = Elapsed time spent in this place.
 B = Non-inter-level travel time spent in this place.
 C = Inter-level travel time spent in this place.
 D = Time resting spent in this place.
 E = Time spent auto-exploring this place.
 F = Levels seen in this place.
 G = Mean time per level.
                   A        B        C        D        E       F      G
               +--------+--------+--------+--------+--------+-----+--------+
         Total |   3736 |   3437 |    299 |    100 |   2656 |   5 |  747.2 |
       Dungeon |   3736 |   3437 |    299 |    100 |   2656 |   5 |  747.2 |
               +--------+--------+--------+--------+--------+-----+--------+

Top non-repeatable levels by time:
     D:1: 1068 daAuts
     D:4: 1005 daAuts
     D:2: 804 daAuts
     D:3: 773 daAuts
     D:5: 84 daAuts
